Blues vs Stars

Created - 15 décembre 2015 at 19:24

Goals
1 2 3 T
Blues 1 1 1 3
Stars 1 0 1 2
Shots
1 2 3 T
Blues 10 16 4 30
Stars 17 4 7 28

1st period

1. Stars , Chris Kunitz 3 (Saku Koivu) at 13:16
2. Blues , Travis Zajac 16 (Joe Pavelski, Mike Green) at 15:57 (PP)

Penalties :
Saku Koivu (Dal) for Interference (Minor) at 15:42

2nd period

3. Blues , Matthew Spiller 2 (Tyler Arnason, Lee Stempniak) at 16:41

Penalties :
Mike Green (STL) for Goalie Interference (Minor) at 1:39, Alexei Morozov (Dal) for Roughing (Minor) at 8:31, Bryce Lampman (STL) for Holding (Minor) at 17:13

3rd period

4. Blues , Nik Antropov 12 (Kyle Okposo) at 11:31
5. Stars , Mike Ribeiro 10 (Scott Hartnell, Eric Brewer) at 15:17 (SH)

Penalties :
Maxim Afinogenov (STL) for High sticking (Minor) at 0:45, Alexei Morozov (Dal) for Holding (Minor) at 11:36, Saku Koivu (Dal) for Holding Stick (Minor) at 15:06, Tyler Arnason (STL) for Hooking (Minor) at 18:37

Goalie Stats

Adam Munro (STL), 26 saves from 28 shots - (0,929), W, 3-3-0, 60:00 minutes
Pascal Leclaire (Dal), 27 saves from 30 shots - (0,900), L, 14-10-1, 58:54 minutes

Players Stats for Blues

Player Name              G  A  P  +/- PIM S  H  SB GA TA FO     MP     PP MP  PK MP  
------------------------------------------------------------------------------------
Andrew Cogliano          0  0  0   0  0   3  1  0  0  2  0/0    14:11   0:00   3:07 
Bryce Lampman            0  0  0   0  2   0  3  3  0  1  0/0    22:31   3:32   3:00 
David Perron             0  0  0  -1  0   3  1  0  0  0  0/0    15:11   1:56   0:25 
Drew Fata                0  0  0   1  0   2  0  1  0  0  0/0    17:15   0:00   4:26 
Jake Gardiner            0  0  0   0  0   0  4  0  0  2  0/0    24:52   3:32   3:15 
Joe Pavelski             0  1  1   0  0   3  1  0  0  0  2/5    18:26   4:16   0:00 
Kevin Shattenkirk        0  0  0   0  0   1  1  1  0  0  0/0    17:35   2:40   1:04 
Kyle Okposo              0  1  1   0  0   1  1  0  0  0  1/1    13:03   0:00   1:59 
Lee Stempniak            0  1  1   1  0   2  2  0  0  1  0/0     8:24   0:00   0:00 
Matthew Spiller          1  0  1   1  0   2  0  2  0  0  0/0    16:27   0:00   2:53 
Maxim Afinogenov         0  0  0  -1  2   0  1  1  1  0  0/1    15:37   1:56   0:00 
Mike Green               0  1  1  -2  2   1  2  2  0  0  0/0    21:19   2:40   0:00 
Nicklas Backstrom        0  0  0  -1  0   2  2  0  1  0  2/5    16:04   1:56   1:18 
Nik Antropov             1  0  1   0  0   2  4  1  0  0  2/9    13:53   0:00   3:40 
Paul Kariya              0  0  0   0  0   3  1  0  0  1  2/2    18:26   4:16   0:00 
Taylor Pyatt             0  0  0   1  0   1  1  0  0  0  0/1    11:38   0:00   3:13 
Travis Zajac             1  0  1   0  0   4  0  0  1  0  13/23  18:26   4:16   0:00 
Tyler Arnason            0  1  1   1  2   0  3  0  0  0  5/6     9:19   0:00   0:56 

Players Stats for Stars

Player Name              G  A  P  +/- PIM S  H  SB GA TA FO     MP     PP MP  PK MP  
------------------------------------------------------------------------------------
Alexei Morozov           0  0  0  -2  4   6  0  1  0  0  1/1    19:17   3:26   0:25 
Brian Lee                0  0  0   0  0   3  1  2  0  0  0/0    20:28   2:43   2:00 
Chris Kunitz             1  0  1   1  0   2  1  0  0  1  0/0    12:35   0:00   1:05 
Chris Stewart            0  0  0   1  0   1  2  2  0  0  0/0    10:38   0:00   0:00 
Eric Brewer              0  1  1   0  0   2  0  0  0  0  0/0    27:54   4:36   4:12 
John Tavares             0  0  0  -2  0   3  0  1  0  0  5/19   20:13   3:18   1:50 
Jordan Leopold           0  0  0   0  0   1  0  1  1  0  0/0    18:44   2:43   2:00 
Marty Reasoner           0  0  0   0  0   1  1  1  0  0  2/4     8:37   0:35   0:18 
Mike Ribeiro             1  0  1   1  0   2  0  0  1  0  13/18  19:48   3:41   3:32 
Pavel Kubina             0  0  0   0  0   0  0  2  0  1  0/0    26:10   4:36   4:12 
Petr Schastlivy          0  0  0   0  0   1  2  0  0  0  0/0     8:05   0:22   0:00 
Radim Vrbata             0  0  0   0  0   5  1  0  0  0  0/0    17:56   3:38   1:38 
Ryane Clowe              0  0  0   0  0   0  4  0  1  0  0/0    15:51   3:38   0:00 
Saku Koivu               0  1  1   1  4   1  2  1  1  0  3/8    11:03   0:00   0:00 
Scott Hartnell           0  1  1  -1  0   0  0  1  2  1  2/3    21:58   3:19   3:36 
Shane Doan               0  0  0   0  0   0  0  0  1  0  0/0     7:43   0:00   0:00 
Shaone Morrisonn         0  0  0   0  0   0  1  1  0  0  0/0    13:22   0:00   0:00 
Travis Hamonic           0  0  0   0  0   0  2  2  0  0  0/0    13:22   0:00   0:00 

3 Stars

1 - Nik Antropov (STL)
2 - Chris Kunitz (Dal)
3 - Matthew Spiller (STL)

Power Play

Blues - 1 on 4 Attempt(s) - 25,00%
Stars - 0 on 4 Attempt(s) - 0,00%

Penalty Kill

Blues - 4 on 4 Attempt(s) - 100,00% - Score 0 goal in Penalty Kill
Stars - 3 on 4 Attempt(s) - 75,00% - Score 1 goal in Penalty Kill

Team Stat

Blues - Hits : 28 - Faceoff Wins : 27 - Blocked Shots : 11 - Penalty Minutes : 8
Stars - Hits : 17 - Faceoff Wins : 26 - Blocked Shots : 15 - Penalty Minutes : 8

Official

Referees : Lee Chris and Banfield David
Linesman : Jean Morin and Jonny Murray

Game Notes

No Game Note

Finance

Level 1 -- Attendance: 5131 (85,52%) -- Ticket Income 461 790 $
Level 2 -- Attendance: 3573 (71,46%) -- Ticket Income 196 515 $
Level 3 -- Attendance: 1514 (75,70%) -- Ticket Income 52 990 $
Level 4 -- Attendance: 3098 (77,45%) -- Ticket Income 77 450 $
Luxury Box -- Attendance: 786 (78,60%) -- Ticket Income 137 550 $
Game was played at the American Airlines Center'
Total Attendance: 14102 (78,34%)
Total Ticket Income: 926 295 $
Other Income: 138 944 $
Total Income: 1 065 239 $

Blues

5 vs 5 Forward 
   Center                   Left Wing                Right Wing               Time % Phy DF OF 
 1 Travis Zajac             Paul Kariya              Joe Pavelski             40     1   2  2  
 2 Nicklas Backstrom        David Perron             Maxim Afinogenov         30     1   2  2  
 3 Nik Antropov             Andrew Cogliano          Kyle Okposo              20     1   2  2  
 4 Tyler Arnason            Taylor Pyatt             Lee Stempniak            10     1   2  2  

5 vs 5 Defense 
   Defense                  Defense                                           Time % Phy DF OF 
 1 Mike Green               Jake Gardiner                                     40     1   2  2  
 2 Kevin Shattenkirk        Bryce Lampman                                     30     1   2  2  
 3 Matthew Spiller          Drew Fata                                         20     1   2  2  
 4 Mike Green               Bryce Lampman                                     10     1   2  2  

PowerPlay Forward 
   Center                   Left Wing                Right Wing               Time % Phy DF OF 
 1 Travis Zajac             Paul Kariya              Joe Pavelski             60     1   2  2  
 2 Nicklas Backstrom        David Perron             Maxim Afinogenov         40     1   2  2  

PowerPlay Defense
   Defense                  Defense                                           Time % Phy DF OF 
 1 Mike Green               Kevin Shattenkirk                                 60     1   2  2  
 2 Bryce Lampman            Jake Gardiner                                     40     1   2  2  

Penalty Kill 4 Players Forward 
   Center                   Wing                     Time % Phy DF OF 
 1 Nik Antropov             Taylor Pyatt             60     1   2  2  
 2 Tyler Arnason            Andrew Cogliano          40     1   2  2  

Penalty Kill 4 Players Defense
   Defense                  Defense                  Time % Phy DF OF 
 1 Bryce Lampman            Drew Fata                60     1   2  2  
 2 Matthew Spiller          Jake Gardiner            40     1   2  2  

Penalty Kill - 3 Players Forward 
   Forward                                           Time % Phy DF OF 
 1 Andrew Cogliano                                   60     1   2  2  
 2 Nik Antropov                                      40     1   2  2  

Penalty Kill - 3 Players Defense
   Defense                  Defense                  Time % Phy DF OF 
 1 Drew Fata                Jake Gardiner            60     1   2  2  
 2 Bryce Lampman            Matthew Spiller          40     1   2  2  

4 vs 4 Forward 
   Center                   Wing                     Time % Phy DF OF 
 1 Nik Antropov             Paul Kariya              60     1   2  2  
 2 Travis Zajac             Joe Pavelski             40     1   2  2  

4 vs 4 Defense
   Defense                  Defense                  Time % Phy DF OF 
 1 Kevin Shattenkirk        Bryce Lampman            60     1   2  2  
 2 Mike Green               Drew Fata                40     1   2  2  

Last Minutes Offensive
   Center                   Left Wing                Right Wing               Defense                  Defense                  
   Nicklas Backstrom        Paul Kariya              Joe Pavelski             Kevin Shattenkirk        Mike Green               

Last Minutes Defensive
   Center                   Left Wing                Right Wing               Defense                  Defense                  
   Nik Antropov             Taylor Pyatt             Joe Pavelski             Bryce Lampman            Drew Fata                

Goaltenders
Starting : Adam Munro               
Backup : Tuukka Rask              

Extra Forwards
Normal : Andrew Cogliano, Taylor Pyatt, Joe Pavelski - PP : Andrew Cogliano, Taylor Pyatt - PK : Kyle Okposo
Extra Defensemen
Normal : Drew Fata, Kevin Shattenkirk, Bryce Lampman - PP : Matthew Spiller - PK : Jake Gardiner, Kevin Shattenkirk
Penalty Shots
David Perron, Mike Green, Maxim Afinogenov, Joe Pavelski, Andrew Cogliano

Stars

5 vs 5 Forward 
   Center                   Left Wing                Right Wing               Time % Phy DF OF 
 1 John Tavares             Scott Hartnell           Alexei Morozov           40     1   2  2  
 2 Mike Ribeiro             Ryane Clowe              Radim Vrbata             30     1   2  2  
 3 Saku Koivu               Chris Kunitz             Chris Stewart            20     1   2  2  
 4 Marty Reasoner           Petr Schastlivy          Shane Doan               10     1   2  2  

5 vs 5 Defense 
   Defense                  Defense                                           Time % Phy DF OF 
 1 Eric Brewer              Pavel Kubina                                      40     1   2  2  
 2 Brian Lee                Jordan Leopold                                    30     1   2  2  
 3 Shaone Morrisonn         Travis Hamonic                                    20     1   2  2  
 4 Eric Brewer              Brian Lee                                         10     1   2  2  

PowerPlay Forward 
   Center                   Left Wing                Right Wing               Time % Phy DF OF 
 1 Mike Ribeiro             Scott Hartnell           Alexei Morozov           60     1   2  2  
 2 John Tavares             Ryane Clowe              Radim Vrbata             40     1   2  2  

PowerPlay Defense
   Defense                  Defense                                           Time % Phy DF OF 
 1 Eric Brewer              Pavel Kubina                                      60     1   2  2  
 2 Brian Lee                Jordan Leopold                                    40     1   2  2  

Penalty Kill 4 Players Forward 
   Center                   Wing                     Time % Phy DF OF 
 1 Mike Ribeiro             Scott Hartnell           60     1   2  2  
 2 Alexei Morozov           John Tavares             40     1   2  2  

Penalty Kill 4 Players Defense
   Defense                  Defense                  Time % Phy DF OF 
 1 Eric Brewer              Pavel Kubina             60     1   2  2  
 2 Brian Lee                Jordan Leopold           40     1   2  2  

Penalty Kill - 3 Players Forward 
   Forward                                           Time % Phy DF OF 
 1 Mike Ribeiro                                      60     1   2  2  
 2 Scott Hartnell                                    40     1   2  2  

Penalty Kill - 3 Players Defense
   Defense                  Defense                  Time % Phy DF OF 
 1 Eric Brewer              Pavel Kubina             60     1   2  2  
 2 Brian Lee                Jordan Leopold           40     1   2  2  

4 vs 4 Forward 
   Center                   Wing                     Time % Phy DF OF 
 1 Mike Ribeiro             Scott Hartnell           60     1   2  2  
 2 Alexei Morozov           John Tavares             40     1   2  2  

4 vs 4 Defense
   Defense                  Defense                  Time % Phy DF OF 
 1 Eric Brewer              Pavel Kubina             60     1   2  2  
 2 Brian Lee                Jordan Leopold           40     1   2  2  

Last Minutes Offensive
   Center                   Left Wing                Right Wing               Defense                  Defense                  
   Mike Ribeiro             Scott Hartnell           Alexei Morozov           Eric Brewer              Pavel Kubina             

Last Minutes Defensive
   Center                   Left Wing                Right Wing               Defense                  Defense                  
   Mike Ribeiro             Scott Hartnell           Alexei Morozov           Eric Brewer              Pavel Kubina             

Goaltenders
Starting : Pascal Leclaire          
Backup : Erik Ersberg             

Extra Forwards
Normal : Marty Reasoner, Petr Schastlivy, Radim Vrbata - PP : Marty Reasoner, Petr Schastlivy - PK : Radim Vrbata
Extra Defensemen
Normal : Shaone Morrisonn, Travis Hamonic, Jordan Leopold - PP : Shaone Morrisonn - PK : Travis Hamonic, Jordan Leopold
Penalty Shots
Mike Ribeiro, Scott Hartnell, Alexei Morozov, John Tavares, Ryane Clowe

% Time on Ice - Blues

Lines # - Real PCT - Wanted PCT - Time Play
Normal Forward
1 - 32% - 40% - 15:03
2 - 28% - 30% - 12:50
3 - 22% - 20% - 10:12
4 - 18% - 10% - 8:24
Normal Defense
1 - 36% - 40% - 16:49
2 - 30% - 30% - 14:03
3 - 26% - 20% - 11:53
4 - 8% - 10% - 3:44
PP Forward
1 - 69% - 60% - 4:16
2 - 31% - 40% - 1:56
PP Defense
1 - 43% - 60% - 2:40
2 - 57% - 40% - 3:32
PK Forward
1 - 83% - 60% - 6:06
2 - 17% - 40% - 1:13
PK Defense
1 - 66% - 60% - 4:48
2 - 34% - 40% - 2:31
PK3 Forward
1 - 0% - 60%
2 - 0% - 40%
PK3 Defense
1 - 0% - 60%
2 - 0% - 40%
44 Forward
1 - 0% - 60%
2 - 0% - 40%
44 Defense
1 - 0% - 60%
2 - 0% - 40%
Last Minute Offensive  - 0:00
Last Minute Defensive  - 0:00
Total
Forward - 60:00
Defense - 60:00

% Time on Ice - Stars

Lines # - Real PCT - Wanted PCT - Time Play
Normal Forward
1 - 34% - 40% - 15:55
2 - 26% - 30% - 12:13
3 - 23% - 20% - 10:38
4 - 17% - 10% - 7:43
Normal Defense
1 - 37% - 40% - 17:22
2 - 30% - 30% - 14:01
3 - 29% - 20% - 13:22
4 - 4% - 10% - 1:44
PP Forward
1 - 50% - 60% - 3:41
2 - 50% - 40% - 3:38
PP Defense
1 - 63% - 60% - 4:36
2 - 37% - 40% - 2:43
PK Forward
1 - 77% - 60% - 4:47
2 - 23% - 40% - 1:25
PK Defense
1 - 68% - 60% - 4:12
2 - 32% - 40% - 2:00
PK3 Forward
1 - 0% - 60%
2 - 0% - 40%
PK3 Defense
1 - 0% - 60%
2 - 0% - 40%
44 Forward
1 - 0% - 60%
2 - 0% - 40%
44 Defense
1 - 0% - 60%
2 - 0% - 40%
Last Minute Offensive  - 0:00
Last Minute Defensive  - 0:00
Total
Forward - 60:00
Defense - 60:00

Play by Play

1st period


0:01 of 1st period - John Tavares wins face-off versus Travis Zajac in neutral zone.
1:06 of 1st period - Wrist shot by Joe Pavelski.
1:06 of 1st period - Stopped by Pascal Leclaire with a rebound.
1:28 of 1st period - Snap shot by John Tavares.
1:28 of 1st period - Shot Misses the Net.
2:00 of 1st period - Snap shot by John Tavares.
2:00 of 1st period - Stopped by Adam Munro with a rebound.
2:02 of 1st period - Wrist shot by Alexei Morozov.
2:02 of 1st period - Stopped by Adam Munro without a rebound.
2:03 of 1st period - Mike Ribeiro wins face-off versus Nicklas Backstrom in Blues zone.
2:04 of 1st period - Snap shot by Radim Vrbata.
2:04 of 1st period - Stopped by Adam Munro with a rebound.
2:06 of 1st period - Slapshot by Mike Ribeiro.
2:06 of 1st period - Stopped by Adam Munro with a rebound.
2:08 of 1st period - Slapshot by Jordan Leopold.
2:08 of 1st period - Shot Misses the Net.
2:10 of 1st period - Snap shot by Jordan Leopold.
2:10 of 1st period - Stopped by Adam Munro with a rebound.
2:37 of 1st period - Snap shot by Andrew Cogliano.
2:37 of 1st period - Shot Misses the Net.
2:39 of 1st period - Slapshot by Drew Fata.
2:39 of 1st period - Stopped by Pascal Leclaire without a rebound.
2:40 of 1st period - Mike Ribeiro wins face-off versus Nicklas Backstrom in Stars zone.
3:16 of 1st period - Slapshot by Nik Antropov.
3:16 of 1st period - Stopped by Pascal Leclaire with a rebound.
3:18 of 1st period - Wrist shot by Kyle Okposo.
3:18 of 1st period - Shot Misses the Net.
3:30 of 1st period - Kevin Shattenkirk is hit by Saku Koivu and loses puck.
3:53 of 1st period - Shaone Morrisonn is hit by Kevin Shattenkirk and loses puck.
4:04 of 1st period - Marty Reasoner is hit by Nicklas Backstrom and loses puck.
4:58 of 1st period - Petr Schastlivy is hit by Tyler Arnason and loses puck.
5:11 of 1st period - Nicklas Backstrom is hit by Ryane Clowe and loses puck.
6:17 of 1st period - Icing by Mike Green.
6:18 of 1st period - Travis Zajac wins face-off versus John Tavares in Blues zone.
6:25 of 1st period - Snap shot by Paul Kariya.
6:25 of 1st period - Stopped by Pascal Leclaire without a rebound.
6:26 of 1st period - Mike Ribeiro wins face-off versus Maxim Afinogenov in Stars zone.
7:03 of 1st period - Backhand shot by John Tavares.
7:03 of 1st period - Stopped by Adam Munro with a rebound.
7:17 of 1st period - Wrist shot by Andrew Cogliano.
7:17 of 1st period - Shot Blocked by Chris Stewart.
7:19 of 1st period - Slapshot by Andrew Cogliano.
7:19 of 1st period - Shot Blocked by Travis Hamonic.
7:21 of 1st period - Wrist shot by Kyle Okposo.
7:21 of 1st period - Shot Blocked by Shaone Morrisonn.
7:39 of 1st period - Snap shot by Andrew Cogliano.
7:39 of 1st period - Stopped by Pascal Leclaire with a rebound.
7:41 of 1st period - Wrist shot by Lee Stempniak.
7:41 of 1st period - Shot Misses the Net.
8:17 of 1st period - Radim Vrbata is hit by Jake Gardiner.
8:29 of 1st period - Wrist shot by Mike Ribeiro.
8:29 of 1st period - Deflect By Joe Pavelski.
8:29 of 1st period - Shot Blocked by Mike Green.
8:29 of 1st period - Puck is out of play.
8:30 of 1st period - Nicklas Backstrom wins face-off versus John Tavares in Blues zone.
9:00 of 1st period - Off-side.
9:01 of 1st period - Saku Koivu wins face-off versus Travis Zajac in neutral zone.
9:16 of 1st period - Wrist shot by Saku Koivu.
9:16 of 1st period - Shot Misses the Net.
9:26 of 1st period - Snap shot by Andrew Cogliano.
9:26 of 1st period - Shot Blocked by Brian Lee.
9:28 of 1st period - Wrist shot by Nik Antropov.
9:28 of 1st period - Shot Misses the Net.
9:34 of 1st period - Wrist shot by Andrew Cogliano.
9:34 of 1st period - Shot Misses the Net.
9:36 of 1st period - Wrist shot by Jake Gardiner.
9:36 of 1st period - Shot Misses the Net.
9:54 of 1st period - Wrist shot by Alexei Morozov.
9:54 of 1st period - Stopped by Adam Munro with a rebound.
9:56 of 1st period - Slapshot by Brian Lee.
9:56 of 1st period - Shot Blocked by Maxim Afinogenov.
10:06 of 1st period - Shane Doan is hit by Tyler Arnason and loses puck.
10:19 of 1st period - Petr Schastlivy is hit by Tyler Arnason and loses puck.
10:36 of 1st period - Slapshot by Chris Stewart.
10:36 of 1st period - Shot Misses the Net.
10:38 of 1st period - Slapshot by Pavel Kubina.
10:38 of 1st period - Shot Hit the Post.
10:40 of 1st period - Slapshot by Eric Brewer.
10:40 of 1st period - Stopped by Adam Munro with a rebound.
10:42 of 1st period - Slapshot by Saku Koivu.
10:42 of 1st period - Deflect By Chris Kunitz.
10:42 of 1st period - Shot Blocked by Bryce Lampman.
10:42 of 1st period - Puck is out of play.
10:43 of 1st period - Nik Antropov wins face-off versus John Tavares in Blues zone.
10:43 of 1st period - Nik Antropov is hit by Travis Hamonic.
10:51 of 1st period - Alexei Morozov is hit by Nik Antropov and loses puck.
11:08 of 1st period - Mike Ribeiro is hit by Joe Pavelski and loses puck.
11:13 of 1st period - Wrist shot by Paul Kariya.
11:13 of 1st period - Shot Misses the Net.
11:15 of 1st period - Snap shot by Joe Pavelski.
11:15 of 1st period - Stopped by Pascal Leclaire with a rebound.
12:14 of 1st period - Brian Lee is hit by Kyle Okposo and loses puck.
12:25 of 1st period - Snap shot by Andrew Cogliano.
12:25 of 1st period - Stopped by Pascal Leclaire without a rebound.
12:26 of 1st period - John Tavares wins face-off versus Travis Zajac in Stars zone.
13:12 of 1st period - Off-side.
13:13 of 1st period - Saku Koivu wins face-off versus Nik Antropov in neutral zone.
13:16 of 1st period - Snap shot by Chris Kunitz.
13:16 of 1st period - Goal by Chris Kunitz - Blues : 0 - Stars : 1.
13:17 of 1st period - Travis Zajac wins face-off versus John Tavares in neutral zone.
13:27 of 1st period - Eric Brewer is hit by Mike Green and loses puck.
13:42 of 1st period - David Perron is hit by Chris Stewart and loses puck.
13:53 of 1st period - Wrist shot by Chris Stewart.
13:53 of 1st period - Stopped by Adam Munro without a rebound.
13:54 of 1st period - Scott Hartnell wins face-off versus Nik Antropov in Blues zone.
13:59 of 1st period - Snap shot by John Tavares.
13:59 of 1st period - Shot Misses the Net.
14:07 of 1st period - Wrist shot by Alexei Morozov.
14:07 of 1st period - Stopped by Adam Munro with a rebound.
14:09 of 1st period - Snap shot by John Tavares.
14:09 of 1st period - Stopped by Adam Munro without a rebound.
14:10 of 1st period - Travis Zajac wins face-off versus Mike Ribeiro in Blues zone.
14:19 of 1st period - Snap shot by Travis Zajac.
14:19 of 1st period - Shot Misses the Net.
15:42 of 1st period - Minor Penalty to Saku Koivu for Interference.
15:43 of 1st period - Travis Zajac wins face-off versus Mike Ribeiro in Stars zone.
15:57 of 1st period - Wrist shot by Travis Zajac.
15:57 of 1st period - Goal by Travis Zajac - Blues : 1 - Stars : 1.
15:58 of 1st period - Travis Zajac wins face-off versus John Tavares in neutral zone.
16:11 of 1st period - Pavel Kubina is hit by Paul Kariya and loses puck.
16:47 of 1st period - Snap shot by Nicklas Backstrom.
16:47 of 1st period - Shot Blocked by Pavel Kubina.
16:49 of 1st period - Snap shot by David Perron.
16:49 of 1st period - Stopped by Pascal Leclaire without a rebound.
16:50 of 1st period - Travis Zajac wins face-off versus John Tavares in Stars zone.
17:42 of 1st period - Wrist shot by Shane Doan.
17:42 of 1st period - Shot Hit the Post.
17:44 of 1st period - Snap shot by Petr Schastlivy.
17:44 of 1st period - Stopped by Adam Munro without a rebound.
17:45 of 1st period - Joe Pavelski wins face-off versus Scott Hartnell in Blues zone.
18:00 of 1st period - Wrist shot by Joe Pavelski.
18:00 of 1st period - Shot Misses the Net.
18:10 of 1st period - Nik Antropov is hit by Ryane Clowe and loses puck.
18:39 of 1st period - Slapshot by Maxim Afinogenov.
18:39 of 1st period - Shot Misses the Net.
18:41 of 1st period - Slapshot by Jake Gardiner.
18:41 of 1st period - Deflect By Nicklas Backstrom.
18:41 of 1st period - Stopped by Pascal Leclaire without a rebound.
18:42 of 1st period - Alexei Morozov wins face-off versus Joe Pavelski in Stars zone.
18:49 of 1st period - Snap shot by Brian Lee.
18:49 of 1st period - Stopped by Adam Munro with a rebound.
18:55 of 1st period - Slapshot by Alexei Morozov.
18:55 of 1st period - Stopped by Adam Munro without a rebound.
18:56 of 1st period - Mike Ribeiro wins face-off versus Joe Pavelski in Blues zone.
18:59 of 1st period - Slapshot by Pavel Kubina.
18:59 of 1st period - Deflect By Mike Ribeiro.
18:59 of 1st period - Shot Blocked by Kevin Shattenkirk.
18:59 of 1st period - Puck is out of play.
19:00 of 1st period - Mike Ribeiro wins face-off versus Travis Zajac in Blues zone.
19:10 of 1st period - Snap shot by Radim Vrbata.
19:10 of 1st period - Stopped by Adam Munro with a rebound.
19:12 of 1st period - Snap shot by Eric Brewer.
19:12 of 1st period - Deflect By Radim Vrbata.
19:12 of 1st period - Stopped by Adam Munro with a rebound.
19:14 of 1st period - Wrist shot by Radim Vrbata.
19:14 of 1st period - Shot Misses the Net.
Goals for this period are 1 for Blues vs 1 for Stars.
Shots for this period are 10 for Blues vs 17 for Stars.

2nd period


0:01 of 2nd period - Paul Kariya wins face-off versus John Tavares in neutral zone.
0:34 of 2nd period - Mike Ribeiro is hit by Maxim Afinogenov and loses puck.
0:41 of 2nd period - Radim Vrbata is hit by Jake Gardiner and loses puck.
0:51 of 2nd period - Icing by Shaone Morrisonn.
0:52 of 2nd period - Mike Ribeiro wins face-off versus Tyler Arnason in Stars zone.
1:05 of 2nd period - Snap shot by Lee Stempniak.
1:05 of 2nd period - Deflect By Taylor Pyatt.
1:05 of 2nd period - Stopped by Pascal Leclaire with a rebound.
1:28 of 2nd period - Snap shot by Marty Reasoner.
1:28 of 2nd period - Stopped by Adam Munro without a rebound.
1:29 of 2nd period - Mike Ribeiro wins face-off versus Nik Antropov in Blues zone.
1:39 of 2nd period - Minor Penalty to Mike Green for Goalie Interference.
1:40 of 2nd period - Mike Ribeiro wins face-off versus Nik Antropov in Blues zone.
2:16 of 2nd period - Wrist shot by Eric Brewer.
2:16 of 2nd period - Shot Misses the Net.
3:39 of 2nd period - Penalty to Mike Green is over, Mike Green is back on ice.
3:43 of 2nd period - Icing by Jordan Leopold.
3:44 of 2nd period - Paul Kariya wins face-off versus Saku Koivu in Stars zone.
3:51 of 2nd period - Travis Zajac is hit by Chris Stewart.
4:50 of 2nd period - Scott Hartnell is hit by Bryce Lampman and loses puck.
5:11 of 2nd period - Slapshot by Kevin Shattenkirk.
5:11 of 2nd period - Deflect By Paul Kariya.
5:11 of 2nd period - Stopped by Pascal Leclaire with a rebound.
5:31 of 2nd period - Wrist shot by Maxim Afinogenov.
5:31 of 2nd period - Shot Misses the Net.
5:41 of 2nd period - Wrist shot by Nicklas Backstrom.
5:41 of 2nd period - Stopped by Pascal Leclaire with a rebound.
5:51 of 2nd period - Pavel Kubina is hit by Andrew Cogliano and loses puck.
5:56 of 2nd period - Wrist shot by Andrew Cogliano.
5:56 of 2nd period - Shot Misses the Net.
5:58 of 2nd period - Slapshot by Mike Green.
5:58 of 2nd period - Stopped by Pascal Leclaire without a rebound.
5:59 of 2nd period - John Tavares wins face-off versus Travis Zajac in Stars zone.
6:15 of 2nd period - Snap shot by Travis Zajac.
6:15 of 2nd period - Stopped by Pascal Leclaire with a rebound.
6:37 of 2nd period - Backhand shot by Brian Lee.
6:37 of 2nd period - Stopped by Adam Munro with a rebound.
7:20 of 2nd period - Snap shot by Taylor Pyatt.
7:20 of 2nd period - Shot Misses the Net.
7:22 of 2nd period - Slapshot by Matthew Spiller.
7:22 of 2nd period - Stopped by Pascal Leclaire without a rebound.
7:23 of 2nd period - John Tavares wins face-off versus Travis Zajac in Stars zone.
7:51 of 2nd period - Icing by Scott Hartnell.
7:52 of 2nd period - Kyle Okposo wins face-off versus John Tavares in Stars zone.
7:53 of 2nd period - Wrist shot by Andrew Cogliano.
7:53 of 2nd period - Stopped by Pascal Leclaire without a rebound.
7:54 of 2nd period - Nik Antropov wins face-off versus Mike Ribeiro in Stars zone.
7:55 of 2nd period - Snap shot by Andrew Cogliano.
7:55 of 2nd period - Deflect By Kyle Okposo.
7:55 of 2nd period - Stopped by Pascal Leclaire with a rebound.
8:15 of 2nd period - Mike Ribeiro is hit by Bryce Lampman and loses puck.
8:26 of 2nd period - Slapshot by Kevin Shattenkirk.
8:26 of 2nd period - Stopped by Pascal Leclaire without a rebound.
8:27 of 2nd period - Travis Zajac wins face-off versus John Tavares in Stars zone.
8:31 of 2nd period - Minor Penalty to Alexei Morozov for Roughing.
8:32 of 2nd period - Scott Hartnell wins face-off versus Travis Zajac in Stars zone.
10:19 of 2nd period - Paul Kariya is hit by Marty Reasoner and loses puck.
10:31 of 2nd period - Penalty to Alexei Morozov is over, Alexei Morozov is back on ice.
10:44 of 2nd period - Snap shot by Alexei Morozov.
10:44 of 2nd period - Shot Blocked by Bryce Lampman.
11:01 of 2nd period - Slapshot by Drew Fata.
11:01 of 2nd period - Stopped by Pascal Leclaire without a rebound.
11:02 of 2nd period - Tyler Arnason wins face-off versus Marty Reasoner in Stars zone.
11:03 of 2nd period - Slapshot by Lee Stempniak.
11:03 of 2nd period - Deflect By Taylor Pyatt.
11:03 of 2nd period - Shot Blocked by Marty Reasoner.
11:03 of 2nd period - Puck is out of play.
11:04 of 2nd period - Tyler Arnason wins face-off versus Marty Reasoner in Stars zone.
11:05 of 2nd period - Snap shot by Taylor Pyatt.
11:05 of 2nd period - Shot Blocked by Brian Lee.
11:07 of 2nd period - Slapshot by Drew Fata.
11:07 of 2nd period - Deflect By Lee Stempniak.
11:07 of 2nd period - Shot Misses the Net.
11:07 of 2nd period - Puck is out of play.
11:08 of 2nd period - John Tavares wins face-off versus Travis Zajac in Stars zone.
11:08 of 2nd period - John Tavares is hit by Mike Green.
11:24 of 2nd period - Snap shot by Paul Kariya.
11:24 of 2nd period - Shot Blocked by Alexei Morozov.
11:42 of 2nd period - Brian Lee is hit by Nicklas Backstrom and loses puck.
11:55 of 2nd period - Slapshot by Brian Lee.
11:55 of 2nd period - Shot Blocked by Nik Antropov.
11:57 of 2nd period - Wrist shot by Brian Lee.
11:57 of 2nd period - Stopped by Adam Munro with a rebound.
11:59 of 2nd period - Slapshot by Brian Lee.
11:59 of 2nd period - Shot Misses the Net.
12:01 of 2nd period - Slapshot by Brian Lee.
12:01 of 2nd period - Deflect By Radim Vrbata.
12:01 of 2nd period - Stopped by Adam Munro with a rebound.
12:49 of 2nd period - Snap shot by Alexei Morozov.
12:49 of 2nd period - Shot Blocked by Drew Fata.
13:19 of 2nd period - Maxim Afinogenov is hit by Ryane Clowe and loses puck.
14:10 of 2nd period - Travis Zajac is hit by Petr Schastlivy and loses puck.
14:21 of 2nd period - Andrew Cogliano is hit by Chris Kunitz and loses puck.
14:44 of 2nd period - Pavel Kubina is hit by Lee Stempniak and loses puck.
15:23 of 2nd period - Slapshot by Kevin Shattenkirk.
15:23 of 2nd period - Shot Misses the Net.
15:25 of 2nd period - Slapshot by Kevin Shattenkirk.
15:25 of 2nd period - Shot Misses the Net.
16:29 of 2nd period - Icing by Mike Green.
16:30 of 2nd period - Tyler Arnason wins face-off versus John Tavares in Blues zone.
16:37 of 2nd period - Snap shot by Lee Stempniak.
16:37 of 2nd period - Stopped by Pascal Leclaire with a rebound.
16:39 of 2nd period - Slapshot by Tyler Arnason.
16:39 of 2nd period - Shot Misses the Net.
16:41 of 2nd period - Slapshot by Matthew Spiller.
16:41 of 2nd period - Goal by Matthew Spiller - Blues : 2 - Stars : 1.
16:42 of 2nd period - Joe Pavelski wins face-off versus John Tavares in neutral zone.
16:45 of 2nd period - Snap shot by Travis Zajac.
16:45 of 2nd period - Stopped by Pascal Leclaire with a rebound.
16:51 of 2nd period - Snap shot by Travis Zajac.
16:51 of 2nd period - Shot Misses the Net.
16:53 of 2nd period - Slapshot by Jake Gardiner.
16:53 of 2nd period - Shot Blocked by John Tavares.
16:55 of 2nd period - Slapshot by Paul Kariya.
16:55 of 2nd period - Shot Blocked by Scott Hartnell.
16:57 of 2nd period - Wrist shot by Jake Gardiner.
16:57 of 2nd period - Shot Misses the Net.
17:13 of 2nd period - Minor Penalty to Bryce Lampman for Holding.
17:14 of 2nd period - Mike Ribeiro wins face-off versus Taylor Pyatt in Blues zone.
18:22 of 2nd period - Wrist shot by Andrew Cogliano.
18:22 of 2nd period - Shot Misses the Net.
19:08 of 2nd period - John Tavares is hit by Jake Gardiner and loses puck.
19:13 of 2nd period - Penalty to Bryce Lampman is over, Bryce Lampman is back on ice.
19:49 of 2nd period - Slapshot by David Perron.
19:49 of 2nd period - Stopped by Pascal Leclaire without a rebound.
19:50 of 2nd period - Travis Zajac wins face-off versus Saku Koivu in Stars zone.
19:53 of 2nd period - Wrist shot by Joe Pavelski.
19:53 of 2nd period - Shot Misses the Net.
19:55 of 2nd period - Slapshot by Mike Green.
19:55 of 2nd period - Shot Blocked by Saku Koivu.
19:57 of 2nd period - Snap shot by Joe Pavelski.
19:57 of 2nd period - Stopped by Pascal Leclaire without a rebound.
19:58 of 2nd period - Travis Zajac wins face-off versus Saku Koivu in Stars zone.
19:59 of 2nd period - Slapshot by Paul Kariya.
19:59 of 2nd period - Stopped by Pascal Leclaire without a rebound.
Goals for this period are 1 for Blues vs 0 for Stars.
Shots for this period are 16 for Blues vs 4 for Stars.

3rd period


0:01 of 3rd period - Travis Zajac wins face-off versus John Tavares in neutral zone.
0:10 of 3rd period - Slapshot by Mike Green.
0:10 of 3rd period - Shot Blocked by Jordan Leopold.
0:26 of 3rd period - Mike Green is hit by Ryane Clowe and loses puck.
0:45 of 3rd period - Minor Penalty to Maxim Afinogenov for High sticking.
0:46 of 3rd period - Mike Ribeiro wins face-off versus Nik Antropov in Blues zone.
0:47 of 3rd period - Wrist shot by Scott Hartnell.
0:47 of 3rd period - Shot Blocked by Bryce Lampman.
0:49 of 3rd period - Slapshot by Eric Brewer.
0:49 of 3rd period - Stopped by Adam Munro with a rebound.
1:39 of 3rd period - Brian Lee is hit by Nik Antropov and loses puck.
1:50 of 3rd period - Brian Lee is hit by Nik Antropov and loses puck.
2:45 of 3rd period - Penalty to Maxim Afinogenov is over, Maxim Afinogenov is back on ice.
2:51 of 3rd period - Matthew Spiller is hit by Shaone Morrisonn and loses puck.
3:00 of 3rd period - Snap shot by Petr Schastlivy.
3:00 of 3rd period - Shot Misses the Net.
3:30 of 3rd period - Snap shot by Maxim Afinogenov.
3:30 of 3rd period - Shot Blocked by Travis Hamonic.
3:36 of 3rd period - Wrist shot by Saku Koivu.
3:36 of 3rd period - Stopped by Adam Munro without a rebound.
3:37 of 3rd period - Marty Reasoner wins face-off versus Travis Zajac in Blues zone.
5:33 of 3rd period - Snap shot by Mike Ribeiro.
5:33 of 3rd period - Shot Misses the Net.
6:17 of 3rd period - Snap shot by Eric Brewer.
6:17 of 3rd period - Shot Blocked by Matthew Spiller.
6:19 of 3rd period - Wrist shot by Marty Reasoner.
6:19 of 3rd period - Shot Misses the Net.
6:27 of 3rd period - Snap shot by Shane Doan.
6:27 of 3rd period - Shot Misses the Net.
7:08 of 3rd period - Petr Schastlivy is hit by David Perron and loses puck.
7:23 of 3rd period - Paul Kariya is hit by Radim Vrbata and loses puck.
7:57 of 3rd period - Travis Hamonic is hit by Lee Stempniak and loses puck.
8:10 of 3rd period - Nik Antropov is hit by Petr Schastlivy and loses puck.
8:49 of 3rd period - Tyler Arnason is hit by Saku Koivu.
8:52 of 3rd period - Icing by Bryce Lampman.
8:53 of 3rd period - Tyler Arnason wins face-off versus Saku Koivu in Blues zone.
9:24 of 3rd period - Snap shot by Alexei Morozov.
9:24 of 3rd period - Shot Misses the Net.
9:26 of 3rd period - Slapshot by Pavel Kubina.
9:26 of 3rd period - Shot Blocked by Matthew Spiller.
9:28 of 3rd period - Snap shot by Scott Hartnell.
9:28 of 3rd period - Deflect By Alexei Morozov.
9:28 of 3rd period - Stopped by Adam Munro with a rebound.
10:09 of 3rd period - Slapshot by Saku Koivu.
10:09 of 3rd period - Shot Blocked by Mike Green.
10:15 of 3rd period - Pavel Kubina is hit by Nik Antropov and loses puck.
11:11 of 3rd period - Wrist shot by Nicklas Backstrom.
11:11 of 3rd period - Shot Misses the Net.
11:29 of 3rd period - Snap shot by Nik Antropov.
11:29 of 3rd period - Shot Misses the Net.
11:31 of 3rd period - Wrist shot by Nik Antropov.
11:31 of 3rd period - Goal by Nik Antropov - Blues : 3 - Stars : 1.
11:32 of 3rd period - Travis Zajac wins face-off versus John Tavares in neutral zone.
11:36 of 3rd period - Minor Penalty to Alexei Morozov for Holding.
11:37 of 3rd period - Mike Ribeiro wins face-off versus Joe Pavelski in Stars zone.
11:57 of 3rd period - Icing by Paul Kariya.
11:58 of 3rd period - Travis Zajac wins face-off versus Mike Ribeiro in Blues zone.
12:56 of 3rd period - Brian Lee is hit by Bryce Lampman and loses puck.
13:21 of 3rd period - Snap shot by Travis Zajac.
13:21 of 3rd period - Shot Misses the Net.
13:36 of 3rd period - Penalty to Alexei Morozov is over, Alexei Morozov is back on ice.
14:02 of 3rd period - Maxim Afinogenov is hit by Travis Hamonic.
14:06 of 3rd period - Wrist shot by David Perron.
14:06 of 3rd period - Shot Misses the Net.
14:08 of 3rd period - Snap shot by David Perron.
14:08 of 3rd period - Stopped by Pascal Leclaire without a rebound.
14:09 of 3rd period - Nicklas Backstrom wins face-off versus Saku Koivu in Stars zone.
14:16 of 3rd period - Backhand shot by Nicklas Backstrom.
14:16 of 3rd period - Shot Misses the Net.
14:18 of 3rd period - Wrist shot by David Perron.
14:18 of 3rd period - Shot Blocked by Chris Stewart.
15:01 of 3rd period - Snap shot by Lee Stempniak.
15:01 of 3rd period - Shot Blocked by Pavel Kubina.
15:03 of 3rd period - Slapshot by Lee Stempniak.
15:03 of 3rd period - Stopped by Pascal Leclaire without a rebound.
15:04 of 3rd period - Saku Koivu wins face-off versus Nik Antropov in Stars zone.
15:06 of 3rd period - Minor Penalty to Saku Koivu for Holding Stick.
15:07 of 3rd period - Mike Ribeiro wins face-off versus Nicklas Backstrom in Stars zone.
15:17 of 3rd period - Snap shot by Mike Ribeiro.
15:17 of 3rd period - Goal by Mike Ribeiro - Blues : 3 - Stars : 2.
15:18 of 3rd period - Travis Zajac wins face-off versus Mike Ribeiro in neutral zone.
15:23 of 3rd period - Slapshot by Travis Zajac.
15:23 of 3rd period - Stopped by Pascal Leclaire without a rebound.
15:24 of 3rd period - Mike Ribeiro wins face-off versus Travis Zajac in Stars zone.
15:37 of 3rd period - Slapshot by Paul Kariya.
15:37 of 3rd period - Shot Misses the Net.
15:39 of 3rd period - Wrist shot by Joe Pavelski.
15:39 of 3rd period - Shot Misses the Net.
17:06 of 3rd period - Penalty to Saku Koivu is over, Saku Koivu is back on ice.
17:30 of 3rd period - Backhand shot by Chris Kunitz.
17:30 of 3rd period - Stopped by Adam Munro with a rebound.
17:32 of 3rd period - Snap shot by Saku Koivu.
17:32 of 3rd period - Deflect By Radim Vrbata.
17:32 of 3rd period - Stopped by Adam Munro without a rebound.
17:33 of 3rd period - Tyler Arnason wins face-off versus John Tavares in Blues zone.
17:48 of 3rd period - Snap shot by John Tavares.
17:48 of 3rd period - Shot Misses the Net.
17:54 of 3rd period - Scott Hartnell is hit by Jake Gardiner and loses puck.
18:13 of 3rd period - Snap shot by Alexei Morozov.
18:13 of 3rd period - Stopped by Adam Munro with a rebound.
18:23 of 3rd period - Alexei Morozov is hit by Taylor Pyatt and loses puck.
18:37 of 3rd period - Minor Penalty to Tyler Arnason for Hooking.
18:38 of 3rd period - Marty Reasoner wins face-off versus Nik Antropov in Blues zone.
18:54 of 3rd period - Stars, Pascal Leclaire is pulled from the net.
19:35 of 3rd period - Andrew Cogliano is hit by Brian Lee and loses puck.
Goals for this period are 1 for Blues vs 1 for Stars.
Shots for this period are 4 for Blues vs 7 for Stars.


Output by the SimonT Hockey Simulator (STHS) for François Prévost -- Original Page W3C XHTML 1.0 Valid
Hockey Simulator - Hockey Simulation - Hockey Manager